 Dungeon Crawl Stone Soup version 0.18-a0-1088-g34ef3a2 (webtiles) character file.

22 root the Conjurer (level 2, 0/20 HPs)
             Began as a Draconian Conjurer on Jan 15, 2016.
             Was an Initiate of Vehumet.
             Slain by a hound (2 damage)
             ... on level 4 of the Dungeon.
             The game lasted 00:06:29 (899 turns).

root the Conjurer (Draconian Conjurer)               Turns: 899, Time: 00:06:30

Health: 0/20       AC:  4    Str: 10    XL:     2   Next: 68%
Magic:  0/5        EV: 12    Int: 15    God:    Vehumet [......]
Gold:   42         SH:  0    Dex: 11    Spells: 1 memorised, 4 levels left

rFire  . . .     SeeInvis .     (no weapon)
rCold  . . .     Gourm    .     (armour unavailable)
rNeg   . . .     Faith    .     (no shield)
rPois  .         Spirit   .     (helmet restricted)
rElec  .         Dismiss  .     (no cloak)
rCorr  .         Reflect  .     (no gloves)
SustAt .         Harm     .     (no boots)
MR     .....                    (no amulet)
Stlth  ++........               (no ring)
                                (no ring)

@: not resistant to hostile enchantments, unstealthy
A: unfitting armour, cold-blooded, AC +4
a: Renounce Religion


You were on level 4 of the Dungeon.
You worshipped Vehumet.
Vehumet was noncommittal.
You were not hungry.

You visited 1 branch of the dungeon, and saw 4 of its levels.

You collected 42 gold pieces.

Inventory:

Scrolls
 c - a scroll of magic mapping {unknown}
 e - 2 scrolls of immolation {unknown}
 h - a scroll of identify {unknown}
 j - a scroll of amnesia {unknown}
 l - a scroll of remove curse {unknown}
Potions
 f - 2 potions of curing {unknown}
 k - a potion of might {unknown}
Books
 a - a book of Conjurations

   Spells                             Type                      Level
   a - Magic Dart                     Conjuration                  1
   b - Searing Ray                    Conjuration                  2
   c - Dazzling Spray                 Conjuration/Hexes            3
   d - Fulminant Prism                Conjuration/Hexes            4
   e - Iskenderun's Mystic Blast      Conjuration                  4
   f - Iskenderun's Battlesphere      Conjuration/Charms           5
Comestibles
 b - 3 bread rations
 d - 4 chunks of flesh
 g - a royal jelly
 i - a beef jerky


   Skills:
 + Level 0.2 Fighting
 + Level 1.9 Dodging
 - Level 1.7 Stealth
 + Level 2.2 Spellcasting
 + Level 4.5 Conjurations


You had 4 spell levels left.
You knew the following spells:

 Your Spells              Type           Power        Failure   Level  Hunger
a - Magic Dart            Conj           ###.         3%          1    #......


Dungeon Overview and Level Annotations

Branches:
Dungeon (4/15)
 Temple: D:4-7

Altars:
Makhleb
Qazlal
Vehumet
Yredelemnul
Zin


Innate Abilities, Weirdness & Mutations

Your plain brown scales are hard (AC +4).
Your body does not fit into most forms of armour.
You are cold-blooded and may be slowed by cold attacks.


Message History

The hound barely misses you. The hound bites you but does no damage.
The hound bites you. The hound bites you. The hound closely misses you.
The hound barely misses you.
The hound pauses to sniff the ground.
The hound bites you.
* * * LOW HITPOINT WARNING * * *
The hound bites you.
* * * LOW HITPOINT WARNING * * *
You see here a glowing long sword.
The hound bites you but does no damage.
Casting: Magic Dart
Confirm with . or Enter, or press ? or * to list all spells.
Aiming: Magic Dart
Press: ? - help, Shift-Dir - straight line, f/p - hound
Aim: a hound (severely wounded)
The magic dart hits the hound.
The hound is severely wounded.
The hound closely misses you. The hound bites you.
You die...

#. .######## .##
.......# #.. #......#
#>.##......#
#........#
+..#.##.#......+
#....).........#+#####
....#####............#
. #.....@h)....#
#............#
#............#
#........<...#
#............#
#............#
##############


You could see a hound.

Vanquished Creatures
  An orc (D:3)
  2 bats
  A giant cockroach (D:2)
  3 hobgoblins
  A quokka (D:2)
  4 goblins
  5 kobolds
  3 rats
20 creatures vanquished.

Notes
Turn   | Place    | Note
--------------------------------------------------------------
     0 | D:1      | root the Draconian Conjurer began the quest for the Orb.
     0 | D:1      | Reached XP level 1. HP: 14/14 MP: 3/3
   334 | D:2      | Found a stormy altar of Qazlal.
   334 | D:2      | Found a basalt altar of Yredelemnul.
   334 | D:2      | Found a glowing silver altar of Zin.
   355 | D:2      | Reached XP level 2. HP: 20/20 MP: 1/5
   452 | D:2      | Found a burning altar of Makhleb.
   453 | D:2      | Found a radiant altar of Vehumet.
   457 | D:2      | Became a worshipper of Vehumet
   899 | D:4      | Slain by a hound

Vault maps used:
D:1:      dpeg_arrival_tiny_d
D:2:      gammafunk_temple_overflow_statue, gammafunk_temple_overflow_forgotten
D:3:      first_bread, minmay_snake_closets
D:4:      minmay_temple_entry_purple_smoke, st_stairs_7

Action                   || total
-------------------------++-------
 Cast: Magic Dart        ||    58
  Eat: Chunk             ||     1
